 Dungeon Crawl Stone Soup version 0.25-a0-424-g80bd347ae0 (webtiles) character file.

Game seed: 2452885740120918911, levelgen mode: deterministic

14550 MisterFreud the Spry (level 11, -6/85 HPs)
             Began as a Felid Berserker on Jan 22, 2020.
             Was a High Priest of Trog.
             Mangled by a blink frog (17 damage)
             ... on level 3 of the Lair of Beasts.
             The game lasted 00:28:00 (17913 turns).

MisterFreud the Spry (Felid Berserker)             Turns: 17913, Time: 00:28:01

Health: -6/85      AC:  3    Str: 18    XL:     11   Next: 90%
Magic:  19/19      EV: 33    Int: 10    God:    Trog [*****.]
Gold:   943        SH:  0    Dex: 19    Spells: 10/10 levels left
                                        Lives:  0   Deaths: 3

rFire    . . .     SeeInvis +     - Unarmed
rCold    + . .     Gourm    .   (shield unavailable)
rNeg     . . .     Faith    .   (armour unavailable)
rPois    +         Spirit   .   (helmet unavailable)
rElec    .         Reflect  .   (cloak unavailable)
rCorr    .         Harm     .   (gloves unavailable)
MR       +....                  (boots unavailable)
Stlth    ..........             (no amulet)
HPRegen  0.24/turn              J - ring of wizardry
MPRegen  0.16/turn              F - ring of poison resistance

@: berserking, very quick
A: very small, no armour, no weapons or thrown items, stealth, claws 1, fangs 3,
see invisible, carnivore, speed 1, shaggy fur 3, slow metabolism 1, sharp paws
a: Berserk, Trog's Hand, Brothers in Arms, Renounce Religion


You were on level 3 of the Lair of Beasts.
You worshipped Trog.
Trog was extremely pleased with you.
You were not hungry.

You visited 2 branches of the dungeon, and saw 17 of its levels.

You collected 943 gold pieces.

Inventory:

Jewellery
 n - an uncursed ring of magical power
 q - an uncursed ring of fire
 F - a ring of poison resistance (right paw)
 H - an uncursed ring of protection from cold
 J - a ring of wizardry (left paw)
Wands
 b - a wand of polymorph (11)
 d - a wand of digging (5)
 m - a wand of iceblast (19)
 u - a wand of disintegration (26)
 y - a wand of acid (11)
 E - a wand of paralysis (24)
 G - a wand of enslavement (4)
Scrolls
 g - 2 scrolls of remove curse
 j - a scroll of noise
 p - 2 scrolls of fog
 t - 2 scrolls of blinking
 v - 4 scrolls of enchant armour
 x - 6 scrolls of teleportation
 B - a scroll of amnesia
 D - 5 scrolls of identify
 K - a scroll of magic mapping
Potions
 c - 2 potions of mutation
 e - 5 potions of brilliance
 f - 6 potions of flight
 h - 4 potions of haste
 i - 2 potions of lignification
 k - 4 potions of agility
 l - 5 potions of might
 o - 5 potions of degeneration
 r - 3 potions of heal wounds
 s - 2 potions of invisibility
 w - a potion of magic
 z - a potion of resistance {unknown}
 A - 4 potions of curing
 C - a potion of cancellation
Miscellaneous
 I - a box of beasts
Comestibles
 a - 41 rations


   Skills:
 + Level 11.8 Fighting
 - Level 16.0 Dodging
 - Level 10.0 Stealth
 + Level 11.9 Unarmed Combat
 + Level 9.7 Evocations


You had 10 spell levels left.
You didn't know any spells.
Your spell library was empty.

Dungeon Overview and Level Annotations

Branches:
Dungeon (14/15)            Temple (0/1) D:6            Lair (3/6) D:9
 Shoals (0/4) Lair:2       Vaults (0/5) D:14
  Snake: Lair:2-4    Spider: Lair:2-4       Orc: D:9-12

Altars:
Dithmenos
Elyvilon
Fedhas
Gozag
Hepliaklqana
Makhleb
Okawaru
Ru
Sif Muna
Uskayaw
Vehumet
Xom
Yredelemnul


Innate Abilities, Weirdness & Mutations

You cannot wear armour.
You are incapable of wielding weapons or throwing items.
Your paws allow you to move quietly. (Stealth)
You have sharp claws.
You have razor-sharp teeth.
You have supernaturally acute eyesight. (SInv)
You are carnivorous and can eat meat at any time.
You cover ground quickly.
Your thick and shaggy fur keeps you warm. (AC +3, rC+)
You have a slow metabolism.
Your sharp claws are effective at attacking unaware monsters.


Message History

* * * LOW HITPOINT WARNING * * *
Unknown command.
You claw the spiny frog!
You kill the spiny frog!
Trog accepts your kill. The wyvern completely misses you.
The blink frog blinks!
You claw the blink frog!
The blink frog is severely wounded.
You miss the blink frog. Your bite misses the blink frog.
The blink frog is severely wounded.
The wyvern completely misses you. The blink frog barely misses you.
You barely miss the blink frog. You bite the blink frog!
The blink frog is almost dead.
The wyvern completely misses you.
The blink frog blinks!
The blink frog hits you.
* * * LOW HITPOINT WARNING * * *
You barely miss the blink frog. Your claw misses the blink frog.
The blink frog is almost dead.
The wyvern completely misses you. The blink frog hits you!
You die...

...P# #. ...## #... ..
....# #.... ##.### ...#
#...## ...... ..#.
#....P# #F....P
..###.....# .......
..P#....# .§.§...
.......# ########FF.....
.....#####.##.#.@#......
.............##..l......
..............#.........
........................
........................
.................[......
#.......................
##......................
#.#......###.#.........


You could see 3 blink frogs and a wyvern.

Vanquished Creatures
  Gastronok (Lair:1)
  Nessos (D:14)
  Azrael (D:12)
  Snorg (D:13)
  Josephine (D:14)
  Harold (D:7)
  A hydra (Lair:1)
  Erica (Lair:1)
  2 dancing weapons (D:14)
  5 two-headed ogres
  2 centaur warriors
  Urug (Lair:2)
  2 unseen horrors
  A wizard (D:10)
  An orc knight (D:10)
  A deep elf mage (D:14)
  An ugly thing (D:11)
  Maurice (D:8)
  A merfolk siren (Lair:2)
  5 cyclopes
  A guardian serpent (D:9)
  Joseph (D:7)
  2 black mambas
  2 gargoyles (D:10)
  3 spiny frogs
  An efreet (D:14)
  A komodo dragon (Lair:1)
  5 trolls
  A hornet (D:13)
  6 blink frogs
  6 hippogriffs
  A shadow (D:11)
  3 wyverns
  4 hogs (D:9)
  2 water elementals (D:13)
  2 fire elementals
  3 wraiths (D:14)
  A basilisk (Lair:1)
  3 yaks (D:13)
  A human (D:9)
  A steam dragon (D:11)
  2 vampire mosquitoes (D:14)
  A soldier ant (D:13)
  A hell hound (D:12)
  An acid dragon (D:13)
  A porcupine (Lair:1)
  5 water moccasins
  A black bear (D:6)
  2 sky beasts
  3 ice beasts
  5 orc warriors
  9 ogres
  A phantom (D:11)
  9 centaurs
  3 crocodiles
  A big kobold (D:10)
  9 bullfrogs
  A wyvern skeleton (D:11)
  2 scorpions
  4 killer bees
  6 wights
  An electric eel (D:13)
  9 howler monkeys
  A bullfrog zombie (D:8)
  5 crimson imps
  A quasit (D:11)
  3 centaur zombies
  5 hounds
  3 jellies
  4 orc priests
  Crazy Yiuf (D:5)
  2 centaur skeletons
  3 bullfrog skeletons
  10 worker ants
  7 orc wizards
  A killer bee zombie (D:8)
  A hound zombie (D:11)
  2 hound skeletons
  A howler monkey zombie (D:11)
  A worker ant zombie (D:6)
  10 adders
  2 shadow imps
  An ooze (D:3)
  2 adder skeletons
  2 adder zombies (D:6)
  8 worms
  2 dart slugs
  6 leopard geckos
  33 orcs
  4 ball pythons
  10 giant cockroaches
  5 hobgoblins
  11 jackals
  6 quokkas
  6 bats
  5 frilled lizards
  11 goblins
  10 kobolds
  A leopard gecko zombie (D:8)
  3 quokka skeletons
  9 rats
356 creatures vanquished.

Vanquished Creatures (collateral kills)
  A hydra (D:11)
  A wyvern (D:11)
  4 wights (D:11)
6 creatures vanquished.

Vanquished Creatures (others)
  A fire vortex (D:14)
  A fungus (Lair:1)
  3 plants
  8 toadstools (Lair:1)
13 creatures vanquished.

Grand Total: 375 creatures vanquished

Notes
Turn   | Place    | Note
-------+----------+-------------------------------------------
     0 | D:1      | MisterFreud the Felid Berserker began the quest for the
                  | Orb.
     0 | D:1      | Reached XP level 1. HP: 10/10 MP: 2/2
    68 | D:1      | You fall into a shaft and drop 1 floor!
    89 | D:2      | Reached XP level 2. HP: 10/14 MP: 3/3
   808 | D:2      | Reached XP level 3. HP: 16/18 MP: 4/4
   828 | D:2      | Found a shimmering altar of Xom.
   828 | D:2      | Found an opulent altar of Gozag.
   829 | D:2      | Found a shimmering blue altar of Sif Muna.
   829 | D:2      | Found a basalt altar of Yredelemnul.
  1221 | D:1      | Reached ** piety under Trog
  1251 | D:1      | Reached XP level 4. HP: 9/22 MP: 5/5
  1308 | D:1      | Reached skill level 5 in Fighting
  2558 | D:3      | Reached XP level 5. HP: 13/27 MP: 6/6
  2565 | D:3      | Reached *** piety under Trog
  2813 | D:3      | Found an iron altar of Okawaru.
  3378 | D:3      | Found a shadowy altar of Dithmenos.
  3616 | D:4      | Reached skill level 1 in Stealth
  3786 | D:4      | Found a radiant altar of Vehumet.
  3788 | D:4      | Noticed an ogre
  3791 | D:4      | Found a blossoming altar of Fedhas.
  3802 | D:4      | Killed an ogre
  3802 | D:4      | Gained mutation: You are covered in thick fur. (AC +2)
                  | [Felid growth]
  3802 | D:4      | Reached XP level 6. HP: 29/31 MP: 7/7
  3957 | D:4      | Found a white marble altar of Elyvilon.
  4000 | D:4      | Reached skill level 5 in Dodging
  4139 | D:5      | Entered Level 5 of the Dungeon
  4228 | D:5      | Noticed an ice beast
  4238 | D:5      | Killed an ice beast
  4238 | D:5      | Reached XP level 7. HP: 34/34 MP: 8/8
  4379 | D:5      | Found a runed translucent door.
  4380 | D:5      | Noticed Crazy Yiuf
  4387 | D:5      | Killed Crazy Yiuf
  4689 | D:4      | Found a hide-covered altar of Uskayaw.
  4779 | D:5      | Found a hazy altar of Hepliaklqana.
  4968 | D:5      | Reached skill level 6 in Dodging
  5195 | D:6      | Reached skill level 5 in Stealth
  5238 | D:6      | Found a hide-covered altar of Uskayaw.
  5242 | D:6      | Reached **** piety under Trog
  5296 | D:6      | Found a staircase to the Ecumenical Temple.
  5313 | D:6      | Reached skill level 5 in Unarmed Combat
  5495 | D:6      | Reached skill level 7 in Dodging
  5495 | D:6      | Reached XP level 8. HP: 34/38 MP: 9/9
  5893 | D:6      | Reached skill level 8 in Dodging
  6327 | D:6      | Noticed a two-headed ogre
  6341 | D:6      | Killed a two-headed ogre
  6341 | D:6      | Reached skill level 11 in Dodging
  6341 | D:6      | Reached XP level 9. HP: 15/41 MP: 10/10
  6350 | D:6      | Reached skill level 1 in Evocations
  6506 | D:7      | Found a burning altar of Makhleb.
  6750 | D:7      | Got a fine crystal amulet
  6751 | D:7      | Identified the amulet "Otega" {Harm *Drain rElec rC+ Str-2
                  | SInv} (You found it on level 7 of the Dungeon)
  7073 | D:7      | Noticed Joseph
  7088 | D:7      | Killed Joseph
  7247 | D:7      | Noticed Harold
  7259 | D:7      | Killed Harold
  7561 | D:8      | Reached skill level 5 in Evocations
  7561 | D:8      | Reached XP level 10. HP: 46/46 MP: 14/14
  7624 | D:8      | Found the +8 mithril axe "Arga" {speed, MR+}
  7770 | D:8      | Noticed a two-headed ogre
  7782 | D:8      | Killed a two-headed ogre
  7782 | D:8      | Reached skill level 12 in Dodging
  7877 | D:8      | Noticed Maurice
  7954 | D:8      | Killed Maurice
  8260 | D:9      | Noticed a guardian serpent
  8267 | D:9      | Demolished by a guardian serpent
  8268 | D:9      | Reached XP level 9. HP: -16/64 MP: 23/23
  8367 | D:9      | Found a staircase to the Lair.
  8442 | D:9      | Found a sacrificial altar of Ru.
  8482 | D:9      | Killed a guardian serpent
  8696 | D:9      | Reached XP level 10. HP: 42/48 MP: 15/15
  8840 | D:10     | Entered Level 10 of the Dungeon
  8880 | D:10     | Reached ***** piety under Trog
  8989 | D:10     | Noticed a wizard
  8989 | D:10     | Noticed a gargoyle
  8994 | D:10     | Noticed a cyclops
  8997 | D:10     | Killed a gargoyle
  9003 | D:10     | Killed a wizard
  9003 | D:10     | Reached skill level 13 in Dodging
  9007 | D:10     | Noticed an orc knight
  9014 | D:10     | Killed a cyclops
  9014 | D:10     | Noticed a two-headed ogre
  9209 | D:10     | Reached skill level 10 in Stealth
  9278 | D:10     | Killed a two-headed ogre
  9330 | D:10     | Killed an orc knight
  9848 | D:10     | Noticed a gargoyle
  9856 | D:10     | Killed a gargoyle
  9856 | D:10     | Reached XP level 11. HP: 31/52 MP: 16/16
 10302 | D:11     | Noticed a green ugly thing
 10320 | D:11     | Killed a green ugly thing
 10671 | D:11     | Noticed an eight-headed hydra
 10697 | D:11     | Killed an eight-headed hydra
 10697 | D:11     | Reached skill level 14 in Dodging
 11762 | D:11     | Reached skill level 10 in Unarmed Combat
 11827 | D:12     | Reached skill level 10 in Fighting
 12056 | D:12     | You fall into a shaft and drop 1 floor!
 12064 | D:13     | Noticed a two-headed ogre
 12071 | D:13     | Killed a two-headed ogre
 12080 | D:13     | Noticed a centaur warrior
 12083 | D:13     | Killed a centaur warrior
 12083 | D:13     | Reached skill level 15 in Dodging
 12163 | D:13     | Noticed a two-headed ogre
 12171 | D:13     | Killed a two-headed ogre
 12216 | D:12     | Noticed Azrael
 12229 | D:12     | Killed Azrael
 12229 | D:12     | Gained mutation: Your thick and shaggy fur keeps you warm.
                  | (AC +3, rC+) [Felid growth]
 12229 | D:12     | Reached XP level 12. HP: 50/58 MP: 17/17
 12240 | D:13     | Reached skill level 16 in Dodging
 13020 | D:13     | Noticed Snorg
 13024 | D:13     | Killed Snorg
 13919 | D:14     | Found a gate to the Vaults.
 13926 | D:14     | Slain by a +3 long sword
 13927 | D:14     | Reached XP level 11. HP: -3/82 MP: 17/17
 13934 | D:14     | Killed a +3 long sword
 14316 | D:14     | Noticed a centaur warrior
 14331 | D:14     | Killed a centaur warrior
 14412 | D:14     | Noticed Nessos
 14433 | D:14     | Killed Nessos
 14494 | D:14     | Noticed an unseen horror
 14501 | D:14     | Killed an unseen horror
 14619 | D:14     | Noticed a deep elf mage
 14626 | D:14     | Killed a deep elf mage
 14743 | D:14     | Noticed Josephine
 14755 | D:14     | Killed Josephine
 14755 | D:14     | Reached XP level 12. HP: 60/60 MP: 19/19
 15238 | Lair:1   | Entered Level 1 of the Lair of Beasts
 15246 | Lair:1   | Noticed Gastronok
 15260 | Lair:1   | Killed Gastronok
 15367 | Lair:1   | Noticed Erica
 15377 | Lair:1   | Killed Erica
 15689 | Lair:1   | Noticed a four-headed hydra
 15700 | Lair:1   | Killed a four-headed hydra
 16266 | Lair:1   | Found a runed translucent door.
 16586 | Lair:1   | Killed from afar by a lindwurm
 16587 | Lair:1   | Reached XP level 11. HP: -28/56 MP: 18/18
 16603 | Lair:2   | Noticed Urug
 16617 | Lair:2   | Killed Urug
 16930 | Lair:2   | Found a staircase to the Shoals.
 17913 | Lair:3   | Mangled by a blink frog

Levels and vault maps discovered:
D:1:      dpeg_arrival_signposts, layout_rooms, st_stairs_5
D:2:      layout_basic, grunt_temple_overflow_cloverleaf, st_stairs_8,
          minmay_misc_feat_x
D:3:      layout_basic, marbit_many_paths, okawaru_ov_weapons_minmay,
          minivault_4, minmay_starry_boxes
D:4:      lemuel_upstairs_altar, layout_loops_cross, elyvilon_altar_1,
          grunt_temple_overflow_open, first_ration, lightli_corner_chamber
D:5:      layout_loops_cross, kennysheep_little_box, uniq_crazy_yiuf_cottage
D:6:      layout_basic, lemuel_round_altar, minmay_temple_entry_nine_rooms,
          kennysheep_another_room, minmay_manual_mandibuliform
D:7:      layout_basic, lemuel_doored_altar, uniq_joseph, uniq_harold
D:8:      layout_rooms, uniq_maurice
D:9:      layout_rooms, kennysheep_mini_moat, lair_entry_dummy, grunt_livestock,
          nrook_guardian_serpent_double
D:10:     layout_loops_ring, minmay_stone_trees_medium, minmay_the_grid_2x2
          [minmay_the_grid_spikes, minmay_the_grid_square_x,
          minmay_the_grid_empty, minmay_the_grid_prize_inner_circle]
D:11:     layout_basic, gauntlet_entry_generic, enter_bailey_2
D:12:     layout_basic, david_orc_4, nicolae_dithmenos_through_a_glass_darkly,
          uniq_azrael
D:13:     layout_loops_corners, serial_bayou, serial_bayou_lagoon_a,
          serial_bayou_shore_a, serial_bayou_pond_b, serial_bayou_shore_b,
          uniq_snorg
D:14:     layout_loops_corners, erik_vaults_1, kennysheep_cross_bottleneck,
          uniq_nessos, uniq_josephine
Lair:1:   gammafunk_lair_enchanted_lake, layout_chaotic_city,
          lemuel_fruit_fields, uniq_gastronok, uniq_erica
Lair:2:   layout_roguey, minmay_shoals_entry_lonely_mermaid, uniq_urug
Lair:3:   layout_hall_layers, spider_nest_entry_webs, grunt_megastairs_1,
          uniq_sonja

Skill      XL: |  1  2  3  4  5  6  7  8  9 10 11 12 |
---------------+-------------------------------------+-----
Fighting       | 4 5 6 8 11 | 11.8
Stealth        | 2 4 6 9 10 | 10.0
Dodging        | 5 7 11 13 15 16 | 16.0
Unarmed Combat | 4 5 6 8 11 | 11.9
Evocations     | 5 6 8 9 |  9.7

Action                   |  1- 3 |  4- 6 |  7- 9 | 10-12 || total
-------------------------+-------+-------+-------+-------++-------
Melee: Unarmed           |    63 |   198 |   354 |   730 ||  1345
       Bite              |     2 |    20 |    54 |   104 ||   180
       Punch             |     1 |     2 |     7 |    43 ||    53
Invok: Berserk           |     5 |     4 |    12 |    30 ||    51
       Trog's Hand       |       |       |     6 |     7 ||    13
       Brothers in Arms  |       |       |       |     1 ||     1
Evoke: Wand              |       |       |       |     7 ||     7
  Use: Scroll            |       |       |     7 |    18 ||    25
       Potion            |       |       |       |     2 ||     2
 Stab: Sleeping          |     5 |     9 |    10 |    34 ||    58
       Distracted        |     1 |       |     1 |     4 ||     6
  Eat: Chunk             |     8 |    12 |    24 |    52 ||    96
Armor: Skin              |     2 |     9 |     5 |    14 ||    30
Dodge: Dodged            |    50 |   131 |   279 |   673 ||  1133

Table legend:
 A = Non-vault XP
 B = Vault XP
 C = Vault XP percentage of total XP
 D = Non-vault monster count
 E = Vault monster count
 F = Vault count percentage of total count
                 A         B        C        D         E       F
            +---------+---------+-------+---------+---------+-------
      Total |   30907 |   20552 |  39.9 |     307 |      55 |  15.2
            +---------+---------+-------+---------+---------+-------
        D:1 |      35 |       0 |   0.0 |      20 |       0 |   0.0
        D:2 |     103 |       5 |   4.6 |      25 |       3 |  10.7
        D:3 |     105 |      14 |  11.8 |      27 |       8 |  22.9
        D:4 |     232 |       0 |   0.0 |      11 |       0 |   0.0
        D:5 |     385 |      40 |   9.4 |      12 |       1 |   7.7
        D:6 |    1087 |    1227 |  53.0 |      30 |       6 |  16.7
        D:7 |     797 |    1478 |  65.0 |      15 |       2 |  11.8
        D:8 |    1403 |     520 |  27.0 |      16 |       1 |   5.9
        D:9 |     800 |    1458 |  64.6 |      16 |       6 |  27.3
       D:10 |    1805 |    3509 |  66.0 |      15 |       9 |  37.5
       D:11 |    6492 |       0 |   0.0 |      45 |       0 |   0.0
       D:12 |     707 |    1598 |  69.3 |       9 |       3 |  25.0
       D:13 |    6497 |    1308 |  16.8 |      24 |       2 |   7.7
       D:14 |    4083 |    4235 |  50.9 |      19 |       7 |  26.9
     Lair:1 |    3013 |    3831 |  56.0 |      10 |       5 |  33.3
     Lair:2 |    2563 |    1329 |  34.1 |      11 |       2 |  15.4
     Lair:3 |     800 |       0 |   0.0 |       2 |       0 |   0.0
            +---------+---------+-------+---------+---------+-------
